[Event "Late-Titled-Tuesday-Blitz-February-27-2024"]
[Site "Chess.com"]
[Date "2024.02.27"]
[Round "3"]
[White "Fjal"]
[Black "mightysmasher"]
[Result "1/2-1/2"]
[WhiteElo "2288"]
[BlackElo "2548"]
[TimeControl "180+1"]
[EndTime "14:29:34 PST"]
[Termination "Game drawn by repetition"]

1. Nf3 d5 2. g3 Nf6 3. Bg2 e6 4. O-O Be7 5. d3 O-O 6. Nbd2 c5 7. e4 Nc6 8. e5 Nd7 9. Re1 b5 10. Nf1 Bb7 11. h4 a6 12. N1h2 Qc7 13. Bf4 Rae8 14. h5 d4 15. a3 Nb6 16. Ng4 Nd5 17. Bd2 f5 18. exf6 Nxf6 19. Bf4 Qd8 20. Nfe5 Nxe5 21. Nxf6+ Bxf6 22. Bxb7 Nf7 23. Qg4 e5 24. Bd2 Kh8 25.
a4 Qc7 26. Bxa6 bxa4 27. Rxa4 Rb8 28. b3 Qd8 29. Bc4 Nd6 30. Bd5 Nb5 31. Be4 Nd6 32. Bg2 Qe7 33. h6 g6 34. Bd5 Nf5 35.
Ra6 Rbd8 36. Be4 Nd6 37. Bg2 Qf7 38. f4 Rfe8 39. Rea1 e4 40. Ra7 Qf8 41. dxe4 d3 42.
e5 dxc2 43. Rc1 Nb5 44. Rd7 Nd4 45. Kh2 Rxd7 46. Qxd7 Qxh6+ 47. Bh3 Rd8 48. Qf7 Nf3+ 49.
Kg2 Bg7 50. Kxf3 Qxh3 51. Rxc2 Qh5+ 52. Kg2 Qe2+ 53. Kh3 Qf1+ 54. Kg4 Qe2+ 55. Kh3 Qh5+ 56. Kg2 Qe2+ 57. Kh3 1/2-1/2

[Event "Late-Titled-Tuesday-Blitz-February-27-2024"]
[Site "Chess.com"]
[Date "2024.02.27"]
[Round "3"]
[White "Tunahan_Makaraci"]
[Black "Abund"]
[Result "1/2-1/2"]
[WhiteElo "2560"]
[BlackElo "2760"]
[TimeControl "180+1"]
[EndTime "14:29:35 PST"]
[Termination "Game drawn by repetition"]

1. e4 c6 2. d4 d5 3. exd5 cxd5 4. c4 Nf6 5. Nc3 Nc6 6. Bg5 dxc4 7. d5 Ne5 8. Qd4 h6 9. Bf4 Ng6 10. Bxc4 Nxf4 11.
Qxf4 g5 12. Qd2 Bg7 13. Nf3 O-O 14. O-O a6 15. Rfe1 b5 16. Bb3 Bb7 17. Rad1 Re8 18. Ne5 Qd6 19. a3 Rad8 20. h3 Nxd5 21. Nxd5 Bxe5 22.
Qe2 Bf6 23. Nxf6+ Qxf6 24. Rxd8 Rxd8 25. Qxe7 Qxe7 26. Rxe7 Bd5 27. Bxd5 Rxd5 28. Ra7 Rd6 29. Kf1 Re6 30. f3 h5 31. Kf2 Kg7 32. b4 Kg6 33.
Kg3 h4+ 34. Kf2 f6 35. Ra8 Kf5 36. Ra7 Kf4 37. Rd7 Rc6 38. Rd4+ Ke5 39. Rd3 Rc2+ 40.
Kf1 Ra2 41. Kg1 Kf4 42. Rd4+ Ke5 43. Rd3 f5 44. Kh2 Kf4 45. Rd4+ Ke5 46. Rd3 Ra1 47. Rc3 Kf4 48. Rd3 Ra2 49. Rd4+ Ke3 50. Rd5 Kf4 51. Rd4+ 1/2-1/2

[Event "Late-Titled-Tuesday-Blitz-February-27-2024"]
[Site "Chess.com"]
[Date "2024.02.27"]
[Round "3"]
[White "Boninknights"]
[Black "Ar4uha"]
[Result "1/2-1/2"]
[WhiteElo "2387"]
[BlackElo "2584"]
[TimeControl "180+1"]
[EndTime "14:29:35 PST"]
[Termination "Game drawn by agreement"]

1. d4 Nf6 2. Nf3 e6 3. c4 b6 4. g3 Ba6 5. Nbd2 d5 6. cxd5 exd5 7. Bg2 Bd6 8. O-O O-O 9. Re1 Nbd7 10. e4 dxe4 11. Ng5 Bb7 12. Ndxe4 Nxe4 13. Nxe4 Be7 14. Nf6+ Nxf6 15. Bxb7 Rb8 16. Bc6 Bb4 17. Re2 Qd6 18.
d5 Qd8 19. Bg5 h6 20. Bxf6 Qxf6 21. Qa4 a5 22. a3 Bc5 23. Qf4 Qxf4 24. gxf4 f5 25.
Kg2 Kf7 26. Kf3 Rbd8 27. Rg1 Rd6 28. Rge1 Rdd8 29. Re6 Bd6 30. Rg1 Rg8 31. Reg6 Be7 32. Re6 Bf6 33. b3 g5 34. fxg5 hxg5 35. Rge1 Rh8 36.
Kg2 Rh4 37. Be8+ Kg7 38. Rc6 Rg4+ 39. Kf1 Rxd5 40. Rxc7+ Kh8 41. Bh5 Re4 42. Rxe4 fxe4 43. Bg6 Rd3 44. Bxe4 Rxb3 45. Rh7+ Kg8 46. Bd5+ Kxh7 47.
Bxb3 b5 48. a4 bxa4 49. Bxa4 Kg6 50. Ke2 Kf5 51. Kd3 Kf4 52. Bc6 Kg4 53. Kc4 Kh3 54. Kb5 Bd8 55. f3 Kxh2 56. Bd7 Kg3 57. Bg4 Kf4 58. Ka4 Ke3 59. Kb5 Kd4 60. Ka4 Kc3 61. Bh5 Kd4 1/2-1/2

[Event "Late-Titled-Tuesday-Blitz-February-27-2024"]
[Site "Chess.com"]
[Date "2024.02.27"]
[Round "3"]
[White "Viktor_Poddubnyi"]
[Black "ErikRonka"]
[Result "1-0"]
[WhiteElo "2277"]
[BlackElo "2532"]
[TimeControl "180+1"]
[EndTime "14:29:35 PST"]
[Termination "Viktor_Poddubnyi won by checkmate"]

1. e4 c5 2. Nf3 b6 3. d4 cxd4 4.
Nxd4 Bb7 5. Bd3 g6 6. O-O Bg7 7. c3 d6 8. Bg5 Nf6 9. Nd2 O-O 10. Qe2 Nbd7 11. Rfe1 a6 12. Rad1 b5 13. N2b3 Qc7 14.
h3 Rac8 15. f4 e5 16. Nf3 Rfe8 17. Qd2 d5 18. fxe5 Nxe4 19. Bxe4 dxe4 20. Qxd7 exf3 21. Qxc7 Rxc7 22. gxf3 Bxf3 23. Rd3 Bb7 24. Bf4 Rce7 25. Nc5 Bc8 26. e6 fxe6 27. Bd6 Rf7 28. Be5 Bxe5 29.
Rxe5 Rf5 30. Rde3 Rxe5 31. Rxe5 Kg7 32. Kf2 Kf6 33. Re2 e5 34. Rd2 Bxh3 35. Rd6+ Kf5 36. Rxa6 h5 37. Ke3 g5 38. Nd3 e4 39. Nf2 Bg2 40. Rb6 Re5 41. Rb8 g4 42. Rf8+ Kg5 43.
Rg8+ Kh4 44. Kf4 Re7 45. Nxg4 hxg4 46. Rh8+ Rh7 47. Rxh7# 1-0

[Event "Late-Titled-Tuesday-Blitz-February-27-2024"]
[Site "Chess.com"]
[Date "2024.02.27"]
[Round "3"]
[White "CURRUTACO59"]
[Black "Brahianzevich"]
[Result "0-1"]
[WhiteElo "2233"]
[BlackElo "2490"]
[TimeControl "180+1"]
[EndTime "14:29:35 PST"]
[Termination "Brahianzevich won on time"]

1. Nf3 d5 2. d4 e6 3. c4 Nf6 4.
Nc3 Bb4 5. Bg5 h6 6. Bxf6 Qxf6 7.
e3 c5 8. Bd3 Nc6 9. O-O cxd4 10. exd4 dxc4 11. Bxc4 Bxc3 12. bxc3 O-O 13. Bd3 b6 14. Re1 Bb7 15. Be4 Rac8 16. Qd3 Rfd8 17.
Qe3 Na5 18. Bxb7 Nxb7 19. Ne5 Na5 20. Rac1 Nc4 21. Nxc4 Rxc4 22. Rcd1 Rdc8 23. Rd3 Ra4 24. Re2 Qf5 25. g3 Qd5 26. Qd2 Qc4 27. Rf3 Ra3 28.
Ree3 Rxa2 29. Qd1 Qa6 30. Kg2 Ra1 31. Qe2 Qxe2 32. Rxe2 Rc1 33. Ra2 Rc7 34. Rd3 Kf8 35. Ra3 Ke7 36. Kf3 Rc2 37. Ke3 Kd6 38. h4 h5 39. Ke4 Rxf2 40. c4 Rxc4 41. Rxa7 Rcc2 42. Rb7 Rce2+ 43. Re3 Kc6 44. Re7 Rxe3+ 45. Kxe3 Rf5 46. Ke4 b5 47. Re8 Kd7 48. Rb8 Ke7 49. Rb7+ Kf6 50. Rb6 Rd5 51. Rb7 Kg6 52. Ke3 Kf6 53. Ke4 Rf5 0-1

[Event "Late-Titled-Tuesday-Blitz-February-27-2024"]
[Site "Chess.com"]
[Date "2024.02.27"]
[Round "3"]
[White "DraningWaterHi"]
[Black "Josetricks"]
[Result "0-1"]
[WhiteElo "2210"]
[BlackElo "2473"]
[TimeControl "180+1"]
[EndTime "14:29:36 PST"]
[Termination "Josetricks won by checkmate"]

1. d4 g6 2. c4 Bg7 3. Nf3 d6 4. g3 Nd7 5. Bg2 Ngf6 6. O-O O-O 7. Nc3 c5 8. d5 Rb8 9. a4 b6 10. e4 Ne8 11. Re1 a6 12. Rb1 Nc7 13. Bf4 b5 14. axb5 axb5 15. Nxb5 Nxb5 16. cxb5 Rxb5 17. b3 Qb6 18. e5 dxe5 19. Nxe5 Nxe5 20. Bxe5 Bf5 21. Bxg7 Kxg7 22. Rc1 Rxb3 23. Rxe7 c4 24. Rxc4 Rb2 25. Re2 Rxe2 26. Qxe2 Qb1+ 27. Qf1 Qb3 28. Qc1 Rb8 29. h3 Kg8 30. Kh2 Qd3 31. Qc3 Qe2 32. Rf4 Rb1 33. Qf3 Qe1 34. g4 Bc2 35. Rxf7 Qg1+ 36. Kg3 Rb3 37.
Rf8+ Kg7 38. Rf7+ Kh6 39. g5+ Kxg5 40. Qxb3 Bxb3 41. Rxh7 Bxd5 42. h4+ Kf6 43. f3 Qe1+ 44. Kh2 Qf2 45. Kh3 Bxf3 46. Bxf3 Qxf3+ 47. Kh2 Qf4+ 48. Kh3 Qf5+ 49. Kh2 Qg4 50. Rh8 Kg7 51. Ra8 Qf4+ 52. Kh3 Qf3+ 53. Kh2 Qxa8 54. h5 gxh5 55. Kh3 Qe4 56.
Kh2 Qg4 57. Kh1 Kf6 58. Kh2 Kf5 59. Kh1 Kf4 60. Kh2 Kf3 61. Kh1 Qg2# 0-1

[Event "Late-Titled-Tuesday-Blitz-February-27-2024"]
[Site "Chess.com"]
[Date "2024.02.27"]
[Round "3"]
[White "DeTimmerman"]
[Black "vi_pranav"]
[Result "0-1"]
[WhiteElo "2744"]
[BlackElo "3116"]
[TimeControl "180+1"]
[EndTime "14:29:38 PST"]
[Termination "vi_pranav won by resignation"]

1. b4 e5 2. Bb2 d6 3. b5 Nf6 4. c4 g6 5. e3 Bg7 6. a4 O-O 7. Nf3 Nbd7 8. Be2 Nh5 9. O-O e4 10. Nd4 Nhf6 11. Nc3 Nc5 12. f3 exf3 13. Bxf3 Re8 14.
Qc2 a6 15. Nd5 axb5 16. axb5 Rxa1 17. Bxa1 Nfd7 18. Nb3 Ne5 19. Be2 c6 20. bxc6 bxc6 21.
Nb4 Bf5 22. Qd1 Qb6 23. Nxc5 dxc5 24. Bxe5 Bxe5 25. Nd3 Bg7 26. Nf4 Rd8 27. d3 Qb2 28. Qc1 Qe5 29. e4 Bd7 30. g3 Rb8 31. Qe3 Qe7 32. Kg2 h5 33. h3 Rb2 34. Qf3 Bd4 35. Kh1 Be8 36. Ng2 Qg5 37. Nf4 h4 38. Qg4 Qxg4 39.
Bxg4 hxg3 40. Ng2 Bf2 41. e5 Kg7 42. Rd1 Bd4 43. e6 f5 44. Bf3 g5 45. Rf1 Rd2 46. Rd1 Rxd1+ 47. Bxd1 Kf6 48. Ne1 Kxe6 49. Nf3 Be3 50. Kg2 Bf4 51. d4 cxd4 52. Nxd4+ Ke5 53. Bc2 Kxd4 0-1

[Event "Late-Titled-Tuesday-Blitz-February-27-2024"]
[Site "Chess.com"]
[Date "2024.02.27"]
[Round "3"]
[White "TemploVillamarin"]
[Black "Baronessa08"]
[Result "0-1"]
[WhiteElo "2198"]
[BlackElo "2531"]
[TimeControl "180+1"]
[EndTime "14:29:38 PST"]
[Termination "Baronessa08 won by resignation"]

1. d4 d5 2. Nc3 Nf6 3. e4 dxe4 4. f3 g6 5. fxe4 Bg4 6. Be2 Bxe2 7. Ngxe2 Bg7 8.
Be3 O-O 9. h3 c5 10. Qd2 cxd4 11. Nxd4 Nbd7 12. O-O-O Rc8 13. Nf3 Qa5 14. Kb1 Rfd8 15.
Nd5 Qxd2 16. Nxd2 Nxd5 17. exd5 Ne5 18. Ne4 Nc4 19. Bd4 Rxd5 20. Bxg7 Rxd1+ 21. Rxd1 Kxg7 22. Rd7 Ne3 23. c3 Nxg2 24. Rxb7 Nf4 25. Rxe7 Nxh3 26. Nd6 Rf8 27. Rxa7 g5 28. b4 g4 29. Ne4 h5 30.
b5 h4 31. b6 g3 32. Nd2 g2 33. Nf3 g1=Q+ 34. Nxg1 Nxg1 35. b7 Rb8 36. c4 h3 37. c5 h2 38. c6 h1=Q 39. Ra8 Qe4+ 40. Kb2 Qe5+ 41. Kb1 Ne2 42. Rxb8 Qxb8 43. a4 Nd4 44. a5 Nxc6 45. a6 Na7 46. Kc2 f5 47. Kd2 Kf6 48. Ke2 Ke5 49. Kf3 f4 50. Kf2 Qh8 51. Ke2 Nc6 52. Kd3 Kf5 53. a7 Nxa7 54.
b8=Q Qxb8 0-1

[Event "Late-Titled-Tuesday-Blitz-February-27-2024"]
[Site "Chess.com"]
[Date "2024.02.27"]
[Round "3"]
[White "Lady_Nika"]
[Black "Mr_Heisenberg13"]
[Result "1/2-1/2"]
[WhiteElo "2569"]
[BlackElo "2837"]
[TimeControl "180+1"]
[EndTime "14:29:39 PST"]
[Termination "Game drawn by repetition"]

1. d4 Nf6 2. c4 e6 3. a3 a6 4. Nc3 d5 5. cxd5 exd5 6. Bg5 Be6 7. e3 Nbd7 8. Nf3 h6 9. Bh4 g5 10.
Bg3 Nh5 11. Ne5 Nxg3 12. hxg3 Nxe5 13. dxe5 c6 14. Be2 Bg7 15. f4 Qb6 16. Qd2 O-O-O 17.
Na4 Qc7 18. Nc5 Bf8 19. b4 Rg8 20. Kf2 Kb8 21. Rab1 Ka8 22. a4 gxf4 23. exf4 d4 24. Rhc1 d3 25. Bf3 Bd5 26. Rc3 Bxf3 27. gxf3 Bxc5+ 28. bxc5 Qd7 29. Rb4 Qh3 30. Ke3 Rxg3 31. Qd1 d2 32.
Rb1 Rg2 33. Qb3 Qd7 34. Rd3 Qxd3+ 35. Qxd3 Rxd3+ 36. Kxd3 h5 37. Rh1 Rf2 38. Ke3 Rh2 39. Rd1 h4 40. f5 Rg2 41. f4 Kb8 42. Kf3 h3 43. f6 Kc7 44. e6 Rg6 45. e7 h2 46.
e8=Q Rg1 47. Qe7+ Kb8 48. Qd8+ Ka7 49. Qb6+ Ka8 50. Qd8+ Ka7 51. Qb6+ Ka8 52. Qd8+ Ka7 1/2-1/2

[Event "Late-Titled-Tuesday-Blitz-February-27-2024"]
[Site "Chess.com"]
[Date "2024.02.27"]
[Round "3"]
[White "Mikayel99"]
[Black "Evgeny81"]
[Result "1-0"]
[WhiteElo "2554"]
[BlackElo "2785"]
[TimeControl "180+1"]
[EndTime "14:29:39 PST"]
[Termination "Mikayel99 won by resignation"]

1. e4 e6 2. d4 d5 3. Nd2 Nd7 4. Ngf3 Ne7 5. Bd3 c5 6. c3 cxd4 7. Nxd4 Nc5 8. Bc2 Nc6 9. exd5 Qxd5 10. N2f3 Be7 11. O-O O-O 12. Nxc6 bxc6 13. Re1 a5 14. Ne5 Bf6 15. Bf4 Ba6 16. b4 Nb7 17. Qg4 axb4 18.
Be4 Qc5 19. Nd7 Qe7 20. Nxf6+ Qxf6 21. Be5 Qh6 22. Bf4 Qf6 23. cxb4 Bc4 24. a4 Bd5 25. Bxd5 cxd5 26. a5 h5 27. Qg3 h4 28. Qg5 Qxg5 29.
Bxg5 Rfc8 30. a6 Nd6 31. Be7 Nb5 32. Ra5 Rc7 33. Rxb5 Rxe7 34. Ra1 Rc7 35. Kf1 d4 36. Rb7 Rcc8 37. b5 d3 38. Rd1 Rd8 39. a7 e5 40.
f3 f5 41. Kf2 Kh7 42. b6 Kg6 43. Ke3 f4+ 44. Ke4 d2 45. Kxe5 Rd3 46. Ke4 Rdd8 47.
Kxf4 Rd3 48. Ke4 Rad8 49. Rc7 R8d4+ 50. Ke5 Rd5+ 51. Ke6 Rd6+ 52. Ke7 R6d5 53. Rc6+ Kh7 54. a8=Q Re3+ 55. Re6 Rde5 56. Rxe5 Rxe5+ 57. Kd6 1-0

[Event "Late-Titled-Tuesday-Blitz-February-27-2024"]
[Site "Chess.com"]
[Date "2024.02.27"]
[Round "3"]
[White "LyonBeast"]
[Black "ameetghasi100"]
[Result "1-0"]
[WhiteElo "3132"]
[BlackElo "2750"]
[TimeControl "180+1"]
[EndTime "14:29:41 PST"]
[Termination "LyonBeast won by resignation"]

1. Nf3 g6 2. d4 Bg7 3. e4 d6 4. c3 Nf6 5. Bd3 O-O 6. O-O Nc6 7. h3 e5 8. d5 Nb8 9. c4 a5 10. Nc3 Na6 11. Re1 Nc5 12. Bf1 Bd7 13. Qc2 c6 14.
Be3 cxd5 15. Bxc5 dxc5 16. exd5 e4 17. Nd2 Re8 18. Ndxe4 Nxe4 19. Nxe4 Bf5 20. Bd3 Bd4 21. Ng3 Bd7 22. Rxe8+ Qxe8 23. Kf1 Qe5 24. Re1 Qf6 25. Re2 a4 26. Qd2 Kg7 27. Ne4 Qb6 28. Qf4 Ra6 29. h4 h6 30. h5 g5 31. Nxg5 Qf6 32.
Qxf6+ Rxf6 33. Nf3 Rf4 34. Nxd4 Rxd4 35. Re3 Bg4 36. Re4 Rxe4 37. Bxe4 Kf6 38. f3 Bd7 39. Kf2 Ke5 40. Ke3 f5 41. f4+ Kd6 42. Bc2 b6 43. Kd2 Ke7 44. Kc3 Kf6 45. b3 axb3 46. Kxb3 Be8 47.
Bd1 Ke7 48. Kc3 Kd6 49. Bc2 Bd7 50. Kb2 Ke7 51. Ka3 Kf6 52. Ba4 Bc8 53. Bb5 Ke7 54.
Kb3 Kd6 55. a4 Kc7 56. g3 Kd6 57. a5 bxa5 58. Ka4 Kc7 59. Kxa5 Bb7 60. Ba6 Ba8 61. Kb5 Kd6 62. Bc8 Bxd5 63. cxd5 Kxd5 64. Bxf5 Kd4 65. g4 Ke3 66. g5 Kxf4 67. gxh6 Kxf5 68. h7 Kg5 69. h8=Q Kg4 1-0

[Event "Late-Titled-Tuesday-Blitz-February-27-2024"]
[Site "Chess.com"]
[Date "2024.02.27"]
[Round "3"]
[White "sotochess"]
[Black "Matalon"]
[Result "1-0"]
[WhiteElo "2642"]
[BlackElo "2451"]
[TimeControl "180+1"]
[EndTime "14:29:42 PST"]
[Termination "sotochess won on time"]

1. e4 c5 2. Nf3 d6 3. d4 cxd4 4.
Nxd4 Nf6 5. f3 e5 6. Bb5+ Bd7 7. Bxd7+ Qxd7 8. Nf5 d5 9. Bg5 dxe4 10. Bxf6 gxf6 11. fxe4 Qxd1+ 12. Kxd1 Rg8 13. g3 Na6 14. c3 Nc5 15.
Nd2 Rd8 16. Kc2 Rg5 17. Rhf1 h5 18. Rf3 Rg4 19. Re1 h4 20. h3 Rg8 21. g4 Rh8 22.
b4 Ne6 23. Nc4 Nf4 24. a4 Rd7 25. g5 fxg5 26. Nxe5 Rc7 27. Kb3 f6 28. Ng4 Kf7 29.
e5 Kg6 30. Nd4 f5 31. Ne3 Bg7 32. Nexf5 Rhc8 33. Nd6 Rd8 34. N4f5 Rcd7 35. Nxh4+ gxh4 36. Rxf4 Bxe5 37. Rxe5 Rxd6 38. Rxh4 Rd3 39. Rc5 b6 40. Rc7 a5 41. Rc6+ Kg5 42. Rg4+ Kf5 43. bxa5 bxa5 44. Rc5+ Kf6 45. Rxa5 Rxh3 46. Rb5 Rc8 47. Rc4 Rxc4 48. Kxc4 Kg6 49. Rd5 Kf6 50. a5 Ke6 51. Rd4 Rh5 52. Kb4 Rh1 53. a6 Rb1+ 54. Kc5 Ra1 55. Kb6 Rb1+ 56. Rb4 Ra1 57. c4 Kd7 58. c5 Kc8 59. a7 Ra2 60. Rh4 Rb2+ 61. Kc6 1-0

[Event "Late-Titled-Tuesday-Blitz-February-27-2024"]
[Site "Chess.com"]
[Date "2024.02.27"]
[Round "3"]
[White "Romadk"]
[Black "ElHelvetico"]
[Result "0-1"]
[WhiteElo "2488"]
[BlackElo "2752"]
[TimeControl "180+1"]
[EndTime "14:29:45 PST"]
[Termination "ElHelvetico won by checkmate"]

1. d4 Nf6 2. Nf3 d5 3. g3 g6 4.
Bg2 Bg7 5. O-O O-O 6. c4 dxc4 7. Na3 Be6 8. Ng5 Bd5 9. e4 Bc6 10. d5 Be8 11. Nxc4 h6 12. Nh3 Bb5 13. Qb3 Bxc4 14. Qxc4 Nbd7 15. Bf4 Rc8 16. Rfd1 g5 17. Be3 Ne5 18. Qa4 a6 19. Rac1 Qd7 20. Qxd7 Nfxd7 21. Bd4 g4 22. Nf4 Rfd8 23. Rc2 c5 24. dxc6 Nxc6 25. Bxg7 Kxg7 26. h3 Nde5 27. Rcd2 Rxd2 28. Rxd2 gxh3 29.
Bxh3 e6 30. Kf1 Nb4 31. a3 Rc1+ 32. Ke2 Nbc6 33. Rd1 Rc2+ 34. Rd2 Rc4 35. Bg2 a5 36. Nd3 Nd4+ 37. Kd1 Nec6 38. f4 a4 39. e5 Nb3 40.
Rc2 Rd4 41. Ke2 h5 42. Bxc6 bxc6 43. Rxc6 Re4+ 44. Kf3 Rd4 45. Ke2 Rd5 46. Rc4 Nd4+ 47. Ke3 Nf5+ 48. Kd2 Nxg3 49. Rxa4 h4 50. f5 Nxf5 51.
Rg4+ Kh6 52. a4 h3 53. Rg1 Kh5 54. Ke2 Kh4 55. b4 h2 56. Rh1 Ng3+ 57. Kf3 Rxd3+ 58. Kg2 Nxh1 59. Kxh1 Rd2 60. b5 Kg3 61. b6 Rd1# 0-1

[Event "Late-Titled-Tuesday-Blitz-February-27-2024"]
[Site "Chess.com"]
[Date "2024.02.27"]
[Round "3"]
[White "NoHeThTo"]
[Black "emeli_chess"]
[Result "1-0"]
[WhiteElo "2636"]
[BlackElo "2438"]
[TimeControl "180+1"]
[EndTime "14:29:46 PST"]
[Termination "NoHeThTo won on time"]

1. d4 Nf6 2. Nc3 d5 3. Bf4 c5 4. e4 cxd4 5. Qxd4 Nc6 6. Bb5 Bd7 7. Bxc6 Bxc6 8. e5 Ne4 9. Nge2 e6 10. Nxe4 dxe4 11. O-O-O Qxd4 12. Nxd4 Rc8 13. Nxc6 Rxc6 14. Rhe1 Bc5 15. Bg3 Ke7 16. Rxe4 Rhc8 17. c3 h6 18. h4 h5 19. Kc2 b5 20. Kb3 Bb6 21. Re2 Rc4 22. Red2 R8c7 23. Rd6 Rb7 24. f3 a5 25. a3 a4+ 26. Kc2 Be3 27. R1d3 Bf4 28. Bxf4 Rxf4 29. R3d4 Rf5 30. f4 f6 31. exf6+ gxf6 32. Ra6 e5 33. fxe5 fxe5 34. Rd5 Rf2+ 35. Kb1 e4 36. Re5+ Kf7 37. Rxe4 Rxg2 38. Re5 Re7 39. Rf5+ Kg7 40. Rxh5 Re1+ 41. Ka2 b4 42. axb4 Ree2 43. Rg5+ Rxg5 44. hxg5 Rg2 45. Rxa4 Rxg5 46. Kb3 Kf6 47. Ra6+ Ke7 48. c4 Kd7 49. Rh6 Kc7 50. b5 Kb7 51. Kb4 Rg2 52. b3 Rg7 53. c5 Kc7 54. Ka5 Kb7 55.
Rb6+ Ka7 56. Ra6+ Kb7 57. c6+ Kb8 58. Rb6+ Ka7 59. Ra6+ Kb8 60. Kb6 Rg3 61. Ra7 1-0

[Event "Late-Titled-Tuesday-Blitz-February-27-2024"]
[Site "Chess.com"]
[Date "2024.02.27"]
[Round "3"]
[White "carloseduar100"]
[Black "lilylg"]
[Result "1/2-1/2"]
[WhiteElo "2387"]
[BlackElo "2149"]
[TimeControl "180+1"]
[EndTime "14:29:48 PST"]
[Termination "Game drawn by stalemate"]

1. g4 d5 2. h3 c5 3. Bg2 Nc6 4. c4 d4 5. d3 e5 6. Nf3 Bd6 7. a3 Nge7 8. e3 h6 9. exd4 exd4 10. Bd2 Be6 11. Qe2 Qc7 12. b4 Ng6 13. b5 Na5 14.
O-O Nb3 15. Ra2 O-O 16. Re1 Rfe8 17. Qd1 Nxd2 18. Nbxd2 a6 19. Rb2 axb5 20. Rxb5 Rxa3 21. Ne4 Be7 22. Qb1 Ra7 23. Qc2 Nf4 24. Bf1 Rea8 25. Reb1 Bc8 26. Ng3 Ra1 27. Bg2 R1a2 28. R1b2 Ra1+ 29. Rb1 R8a2 30. Rb2 Rxb1+ 31. Qxb1 Rxb2 32.
Qxb2 Nxd3 33. Qb1 Nf4 34. Nf5 Bxf5 35. Qxf5 d3 36. Bf1 Bf6 37. Bxd3 Nxd3 38. Qxd3 Qd8 39. Qxd8+ Bxd8 40. Ne5 b6 41. f3 Bc7 42. Nd3 Kf8 43. Kf2 Ke7 44. Ke3 Kd6 45. Ke4 Bd8 46. Ne5 Ke6 47.
Nd3 Bc7 48. f4 g6 49. f5+ gxf5+ 50. gxf5+ Kf6 51. Ne1 Kg5 52. Nf3+ Kh5 53. Kd5 Bd8 54. Kc6 b5 55. cxb5 f6 56. Kxc5 Bb6+ 57. Kxb6 1/2-1/2

[Event "Late-Titled-Tuesday-Blitz-February-27-2024"]
[Site "Chess.com"]
[Date "2024.02.27"]
[Round "3"]
[White "GMVignirVatnar"]
[Black "SpeedofLight0"]
[Result "1-0"]
[WhiteElo "2727"]
[BlackElo "3051"]
[TimeControl "180+1"]
[EndTime "14:29:49 PST"]
[Termination "GMVignirVatnar won by checkmate"]

1. d4 d6 2. Nf3 g6 3. c4 Bg7 4.
g3 Bd7 5. Bg2 Qc8 6. Nc3 Nc6 7. h3 e5 8. e3 f5 9. b3 Nf6 10. Bb2 O-O 11. O-O e4 12. Nd2 Ne7 13. f3 f4 14. gxf4 Nf5 15. Qe1 exf3 16. Nxf3 Re8 17.
e4 Bh6 18. Bc1 Nh5 19. Qf2 Nfg3 20. Re1 Bxh3 21. f5 Bxc1 22. Bxh3 Bh6 23. Nh4 Qd8 24. Ng2 Qg5 25. Nd5 Nxe4 26. Qh4 Nd2 27. Qxg5 Bxg5 28. Kf2 c6 29. Nc7 Rxe1 30. Rxe1 Rb8 31. Ne6 Bh6 32. Nh4 d5 33. cxd5 cxd5 34. fxg6 Ne4+ 35. Kg1 hxg6 36. Nxg6 Kf7 37. Ne5+ Ke7 38. Rf1 Rg8+ 39. Kh2 Kd6 40.
Nf7+ Kc6 41. Nxh6 Rh8 42. Nf7 Rh7 43. Nfg5 Rh8 44. Nxe4 dxe4 45. Rf5 Rh7 46. Re5 Kd6 47. Rxe4 Nf6 48. Re1 Nd5 49. Ng5 Rh5 50. Re6+ Kc7 51.
Re5 Nf4 52. Ne6+ Kd6 53. Nxf4 Rxe5 54. dxe5+ Kxe5 55. Nd3+ Kd4 56. Bf5 Kc3 57. Kg3 Kc2 58. Nc5+ Kb2 59. Nxb7 Kxa2 60. Be6 Ka3 61. Kf4 Kb4 62.
Ke5 a5 63. Nxa5 Kxa5 64. Kd4 Kb4 65. Bc4 Ka3 66. Kc5 Kb2 67. b4 Kc3 68. b5 Kb2 69. b6 Ka3 70. b7 Ka4 71. b8=Q Ka5 72. Qb5# 1-0

[Event "Late-Titled-Tuesday-Blitz-February-27-2024"]
[Site "Chess.com"]
[Date "2024.02.27"]
[Round "3"]
[White "SilverSwords13"]
[Black "chessisveryfun1264"]
[Result "1/2-1/2"]
[WhiteElo "2463"]
[BlackElo "2634"]
[TimeControl "180+1"]
[EndTime "14:29:51 PST"]
[Termination "Game drawn by agreement"]

1. e4 e6 2. d4 d5 3. Nc3 Bb4 4. e5 Ne7 5. a3 Bxc3+ 6. bxc3 c5 7.
Nf3 Qa5 8. Bd2 Qa4 9. Qb1 a6 10. Qb3 Qxb3 11. cxb3 Nbc6 12. Bd3 cxd4 13. cxd4 Bd7 14.
Ke2 f6 15. exf6 gxf6 16. Bh6 Kf7 17. Rac1 Na5 18. b4 Nc4 19. Rc3 Rac8 20. Rhc1 Rhg8 21.
g3 Bb5 22. Nd2 Nd6 23. Rxc8 Rxc8 24. Rc5 b6 25. Rxc8 Nexc8 26. a4 Bxa4 27. Bxa6 Bb5+ 28. Bxb5 Nxb5 29. Kd3 Ne7 30. Bf4 Nc6 31. Nb3 Nxb4+ 32. Kd2 Nc6 33. Kd3 e5 34. dxe5 fxe5 35. Be3 e4+ 36.
Kd2 d4 37. Bg5 Ne5 38. Bd8 Nc4+ 39. Ke1 d3 40. Nd2 Nc3 41. Nxc4 b5 42. Nd2 Ke6 43. Ba5 Na2 44. Nxe4 b4 45. Nc5+ Kd5 46. Nxd3 Kd4 47. Kd2 b3 48. f4 h5 49. f5 Kd5 50. Bc3 Nxc3 51. Kxc3 Ke4 52. f6 b2 53. f7 b1=Q 54. Nc5+ Kd5 55. f8=Q Qc1+ 56. Kb4 Qc4+ 57. Ka5 Qxc5+ 58.
Qxc5+ Kxc5 59. Ka4 Kc4 60. Ka3 Kc3 61. Ka2 Kc2 62.
h3 Kd3 63. Kb3 Ke4 64. Kc3 Kf3 65. g4 1/2-1/2

[Event "Late-Titled-Tuesday-Blitz-February-27-2024"]
[Site "Chess.com"]
[Date "2024.02.27"]
[Round "3"]
[White "Goryachkina"]
[Black "korkmaz16"]
[Result "1-0"]
[WhiteElo "2687"]
[BlackElo "2472"]
[TimeControl "180+1"]
[EndTime "14:29:52 PST"]
[Termination "Goryachkina won by resignation"]

1. e4 e6 2. d4 d5 3. Nd2 Nf6 4. e5 Nfd7 5. Bd3 c5 6. c3 Nc6 7. Ne2 cxd4 8. cxd4 f6 9. exf6 Nxf6 10. Nf3 Bd6 11. O-O O-O 12. Bf4 Bxf4 13. Nxf4 Ne4 14. Qc1 Ng5 15. Nxg5 Qxg5 16. Ne2 Qf6 17. Qe3 Bd7 18. Bb5 Rae8 19. Bxc6 Bxc6 20. Ng3 e5 21. dxe5 Qxe5 22. Qd2 d4 23. Rfe1 Qd5 24. f3 d3 25.
b3 Qd4+ 26. Qf2 Qxf2+ 27. Kxf2 d2 28. Rxe8 Rxe8 29. Rd1 Rd8 30. Ke3 g6 31. Rxd2 Re8+ 32. Kf2 h5 33. h4 Re7 34. Ne2 Kg7 35. Nf4 Kf6 36. Re2 Rxe2+ 37. Nxe2 a5 38. Ke3 a4 39. Nd4 Bd7 40. bxa4 Bxa4 41. a3 Bd7 42. Kf4 Ba4 43.
Ne2 Bb5 44. Nc3 Bf1 45. g3 Bc4 46. Ne4+ Kg7 47. Ke5 Be2 48. Ng5 Kf8 49. Kf6 Bd3 50. Ne6+ Ke8 51. Nc5 Be2 52. f4 b6 53. Na4 b5 54. Nc5 Kd8 55. Kxg6 Ke7 56. f5 Kd6 57. Na6 Bd3 58. Kxh5 Bxf5 59. Kg5 Bc8 60. h5 Bxa6 61. h6 b4 62. h7 bxa3 63. h8=Q Kc5 64. Qf8+ 1-0

[Event "Late-Titled-Tuesday-Blitz-February-27-2024"]
[Site "Chess.com"]
[Date "2024.02.27"]
[Round "3"]
[White "GMthekingindian"]
[Black "ccccvhhhj"]
[Result "0-1"]
[WhiteElo "2277"]
[BlackElo "2511"]
[TimeControl "180+1"]
[EndTime "14:29:54 PST"]
[Termination "ccccvhhhj won by resignation"]

1. d4 e5 2. c3 exd4 3. cxd4 d5 4. Nc3 Nf6 5. Nf3 Bf5 6. Bg5 Be7 7. Qb3 b6 8. Bxf6 Bxf6 9. Qxd5 Qxd5 10. Nxd5 Bd8 11.
Rc1 c6 12. Ne3 Be6 13. g3 O-O 14. Bg2 Bxa2 15. Ne5 Bf6 16. N3g4 Be7 17. O-O Be6 18. Ne3 Nd7 19. Nxc6 Bf6 20. d5 Bxd5 21. Nxd5 Bxb2 22. Rc2 Ba3 23. Ra1 Bc5 24. Rxa7 Rxa7 25. Nxa7 h6 26. e3 Rd8 27. Nc6 Ra8 28. Bf3 Ra1+ 29. Kg2 g5 30. h3 Kg7 31. Nc3 f5 32. g4 fxg4 33. h4 gxf3+ 34. Kxf3 Kg6 35. hxg5 hxg5 36. Ne4 Ba3 37.
Rc3 Bf8 38. Nd8 Ne5+ 39. Kg2 g4 40. Ne6 Nf3 41. Nxf8+ Kf5 42. Ng3+ Ke5 43. Ne2 Kd5 44. Nd7 b5 45. Nb6+ Kd6 46. Nc8+ Kd5 47. Ne7+ Kd6 48.
Nf5+ Kd5 49. Nfd4 Ne1+ 50. Kg3 b4 51. Rb3 Kc4 52. Rb2 Nd3 53. Rc2+ Kd5 54. Nb3 Ne5 55. Ned4 Rg1+ 56. Kh2 Rf1 57. Rc5+ Kd6 58. Nf5+ Ke6 59. Nbd4+ Kf6 60. Rc6+ Nxc6 61. Nxc6 b3 62. Nfd4 b2 63. Kg2 b1=Q 0-1